 Dungeon Crawl Stone Soup version 0.19.1-1-g22dce08 (webtiles) character file.

116 somonday the Magician (level 4, 0/30 HPs)
             Began as a Mummy Fire Elementalist on Jan 19, 2017.
             Killed from afar by an orc wizard (8 damage)
             ... with a magic dart
             ... on level 3 of the Dungeon.
             The game lasted 00:10:39 (3257 turns).

somonday the Magician (Mummy Fire Elementalist)     Turns: 3257, Time: 00:10:40

Health: 0/30       AC:  2    Str: 11    XL:     4   Next: 69%
Magic:  4/8        EV: 12    Int: 15    God:
Gold:   151        SH:  0    Dex: 12    Spells: 1 memorised, 8 levels left

rFire  x . .     SeeInvis .     f - +0 hand axe (chop)
rCold  + . .     Gourm    .     a - +0 robe
rNeg   + + +     Faith    .     (no shield)
rPois  ∞         Spirit   .     (no helmet)
rElec  .         Reflect  .     (no cloak)
rCorr  .         Harm     .     (no gloves)
MR     .....                    (no boots)
Stlth  ++........               (no amulet)
                                (no ring)
                                (no ring)

@: no status effects
A: no food or potions, fire vulnerability, cold resistance 1, negative energy
resistance 3, torment resistance, unbreathing
a: no special abilities


You were on level 3 of the Dungeon.
You were not hungry.

You visited 1 branch of the dungeon, and saw 3 of its levels.

You collected 151 gold pieces.

Inventory:

Hand Weapons
 c - a +0 dagger
 f - a +0 hand axe of chopping (weapon)
 i - a +0 spear
Armour
 a - a +0 robe (worn)
Jewellery
 e - a cursed amulet of inaccuracy {unknown}
Wands
 k - a wand of acid (6/15)
Scrolls
 d - a scroll of magic mapping {unknown}
 g - 2 scrolls of identify {unknown}
 h - a scroll of fog {unknown}
 j - a scroll of enchant armour {unknown}
 l - a scroll of recharging {unknown}
 m - a scroll of enchant weapon {unknown}
Books
 b - a book of Flames

   Spells                             Type                      Level
   a - Flame Tongue                   Conjuration/Fire             1
   b - Throw Flame                    Conjuration/Fire             2
   c - Conjure Flame                  Conjuration/Fire             3
   d - Inner Flame                    Hexes/Fire                   3
   e - Sticky Flame                   Conjuration/Fire             4
   f - Fireball                       Conjuration/Fire             5


   Skills:
 - Level 1.5 Dodging
 - Level 1.5 Stealth
 - Level 3.1 Spellcasting
 + Level 2.4 Conjurations
 - Level 3.0 Fire Magic


You had 8 spell levels left.
You knew the following spells:

 Your Spells              Type           Power        Failure   Level  Hunger
a - Flame Tongue          Conj/Fire      ##...        8%          1    N/A

Dungeon Overview and Level Annotations

Branches:
Dungeon (3/15)

Altars:


Innate Abilities, Weirdness & Mutations

You do not eat or drink.
Your flesh is vulnerable to fire.
You are immune to poison.
Your flesh is cold resistant. (rC+)
You are immune to negative energy. (rN+++)
You are immune to unholy pain and torment.
You can survive without breathing.


Message History

Casting: Flame Tongue
Confirm with . or Enter, or press ? or * to list all spells.
You can't see any susceptible monsters within range! (Use Z to cast anyway.) Unknown command.
Casting: Flame Tongue
Confirm with . or Enter, or press ? or * to list all spells.
You can't see any susceptible monsters within range! (Use Z to cast anyway.)
Casting: Flame Tongue
Confirm with . or Enter, or press ? or * to list all spells.
Aiming: Flame Tongue
Press: ? - help, Shift-Dir - straight line The flame tongue hits something.
You hear some strange, mumbled words.
A puff of flame appears from out of thin air!
The puff of flame hits you! The fire burns you terribly!
* * * LOW HITPOINT WARNING * * *
You hear some strange, mumbled words.
A magic dart appears from out of thin air!
The magic dart hits you!
You die...

##.........#..
####.............. ....
..##..........#..# ..< #
#.#......o..###..# .. .##
.....# ##o# .....##.#...
....####..# #...#..#.#
###.###...# ##...#....#
#...##..#.###..#.....###.
#.....<...).[.!.@...[....
..###....÷###..#.<...####
#.#.......###.#..#..## .
..#.....#.##........### ..
....###.#.....#.......##...
###.#...#..#..#...>........
#...#..##..#..#........%...
#......##.#...........##.
......................#


There were no monsters in sight!

Vanquished Creatures
  A worker ant (D:3)
  3 adders
  A worm (D:2)
  3 dart slugs
  2 leopard geckos
  3 orcs (D:3)
  9 bats
  3 giant cockroaches (D:2)
  6 hobgoblins
  2 jackals (D:3)
  4 kobolds
  A quokka (D:3)
  3 frilled lizards
  5 goblins
  4 rats
50 creatures vanquished.

Notes
Turn   | Place    | Note
-------+----------+-------------------------------------------
     0 | D:1      | somonday the Mummy Fire Elementalist began the quest for the Orb.
     0 | D:1      | Reached XP level 1. HP: 13/13 MP: 3/3
   705 | D:1      | Reached XP level 2. HP: 10/19 MP: 1/5
  1777 | D:2      | Reached XP level 3. HP: 24/24 MP: 2/7
  2176 | D:2      | Reached skill level 1 in Conjurations
  2435 | D:3      | Reached XP level 4. HP: 21/30 MP: 3/8
  3257 | D:3      | Killed from afar by an orc wizard

Skill      XL: |  1  2  3  4 |
---------------+-------------+-----
Fire Magic     | 3 |  3.0
Spellcasting   | 3 |  3.1
Conjurations   | 1 2 |  2.4
Dodging        | |  1.5
Stealth        | |  1.5

Action                   |  1- 3 |  4- 6 || total
-------------------------+-------+-------++-------
Melee: Hand axe          |    17 |    10 ||    27
       Unarmed           |     1 |       ||     1
 Cast: Flame Tongue      |    60 |    36 ||    96
Armor: Robe              |     8 |     9 ||    17
Dodge: Dodged            |    34 |    31 ||    65
